 Dungeon Crawl Stone Soup version 0.30.1-3-gfc49f6343a (webtiles) character file.

Game seed: 1970362334416830505

3238 monsoonserge the Grappler (level 9, -2/88 HPs)
             Began as a Troll Fighter on Aug 9, 2023.
             Was an Initiate of Wu Jian.
             Slain by a basilisk (5 damage)
             ... while petrified by a basilisk
             ... on level 8 of the Dungeon.
             The game lasted 00:14:56 (5336 turns).

monsoonserge the Grappler (Troll Fighter)           Turns: 5336, Time: 00:14:57

Health: -2/88      AC:  5    Str: 26    XL:     9   Next: 66%
Magic:  8/8        EV:  1    Int:  8    God:    Wu Jian [......]
Gold:   620        SH:  0    Dex:  9    Spells: 8/8 levels left

rFire   . .          .
                       - Unarmed
rCold   + . .        b - +0 kite shield
rNeg    + + +        a - +0 robe
rPois   ∞            e - +1 hat
rElec   .            (no cloak)
rCorr   .            (gloves unavailable)
SInv    .            (boots unavailable)
Will    .....        u - amulet of reflection
Stlth   +            p - ring of protection from cold
HPRegen 1.14/turn    y - ring of flight
MPRegen 0.11/turn

%: reflection
@: petrified, flying
A: large, unfitting armour, claws 3, regeneration 1, shaggy fur 1, tough skin 1
a: Renounce Religion


You were on level 8 of the Dungeon.
You worshipped Wu Jian.
Wu Jian was noncommittal.
You visited 2 branches of the dungeon, and saw 9 of its levels.

You collected 620 gold pieces.

Inventory:

Missiles
 l - 5 boomerangs (quivered)
 w - 2 throwing nets
 D - a curare-tipped dart
 E - 2 poisoned darts
Armour
 a - a +0 robe (worn)
 b - a +0 kite shield (worn)
 e - a +1 hat (worn)
 G - the +0 leather armour of Cofucaong {Dex+3}
   (You found it on level 7 of the Dungeon)

   Dex:       It affects your dexterity (+3).
Jewellery
 n - a ring of fire
 p - a ring of protection from cold (left claw)
 u - an amulet of reflection (around neck)
 y - a ring of flight (right claw)
 B - a ring of ice
Scrolls
 f - a scroll of magic mapping {unknown}
 h - 6 scrolls of teleportation {unknown}
 j - 2 scrolls of amnesia {unknown}
 k - a scroll of vulnerability {unknown}
 m - 2 scrolls of immolation
 q - a scroll of acquirement {unknown}
 s - 4 scrolls of fear
 t - 2 scrolls of brand weapon
 x - a scroll of blinking
 C - a scroll of enchant armour
 F - a scroll of enchant weapon
 H - a scroll of identify
Potions
 c - 2 potions of might
 d - 4 potions of lignification
 g - 4 potions of flight
 i - 5 potions of heal wounds {unknown}
 o - 2 potions of mutation {unknown}
 r - a potion of resistance {unknown}
 v - 3 potions of curing
 z - 2 potions of ambrosia {unknown}
 A - a potion of degeneration {unknown}


   Skills:
 + Level 5.6 Fighting
 + Level 3.9 Dodging
 - Level 0.6 Stealth
 + Level 6.4 Shields
 * Level 9.9 Unarmed Combat


You had 8 spell levels left.
You didn't know any spells.
Your spell library contained the following spells:

 Spells                   Type           Power      Damage    Failure   Level
 Slow                     Hex            0%         N/A       63%         1
 Static Discharge         Conj/Air       0%         2-2/arc   77%         2
 Confusing Touch          Hex            0%         N/A       94%         3
 Vampiric Draining        Necr           0%         2d6       94%         3
 Airstrike                Air            0%         2d(0-16)  100%        4
 Summon Lightning Spire   Summ/Air       0%         N/A       100%        4


Dungeon Overview and Level Annotations

Branches:
Dungeon (8/15)             Temple (1/1) D:7            Lair (0/5) D:8

Altars:
Cheibriados
Dithmenos
Hepliaklqana
Makhleb
Nemelex Xobeh
Okawaru
Qazlal
Ru
Sif Muna
Vehumet
Wu Jian
Xom
Yredelemnul
The Shining One


Innate Abilities, Weirdness & Mutations

You are too large for most types of armour.
You have claws for hands.
Your natural rate of healing is unusually fast.
You are covered in fur. (AC +1)
You have tough skin. (AC +1)


Message History

You kill the elephant!
The Council accepts your kill.
You mangle the basilisk!!
The basilisk is heavily wounded.
You claw the basilisk!
The basilisk is moderately wounded.
You block the basilisk's attack. The basilisk bites you!
You barely miss the basilisk.
The basilisk is heavily wounded.
The basilisk bites you! The basilisk bites you.
You completely miss the basilisk.
The basilisk is heavily wounded.
You block the basilisk's attack. The basilisk gazes at you.
You are slowing down.
Unknown command.
You closely miss the basilisk.
The basilisk is heavily wounded.
The basilisk bites you! The basilisk bites you.
Your limbs are stiffening.
You scratch the basilisk but do no damage.
The basilisk is heavily wounded.
The basilisk bites you but does no damage.
The basilisk bites you!
You have turned to stone.
The basilisk bites you!
* * * LOW HITPOINT WARNING * * *
The basilisk completely misses you. The basilisk bites you.
* * * LOW HITPOINT WARNING * * *
The basilisk bites you but does no damage.
The basilisk gazes at you. You resist with some effort.
The basilisk barely misses you. The basilisk bites you. The basilisk bites you!
* * * LOW HITPOINT WARNING * * *
The basilisk bites you!
* * * LOW HITPOINT WARNING * * *
The basilisk bites you but does no damage.
The basilisk bites you!
* * * LOW HITPOINT WARNING * * *
The basilisk bites you!
You die...

##...####.<.# ####.# #....[
.>.......... ..##.##......
##...####... #.##......lY.
.....# #.# #.##....Y...>
...(.# #.# #.##.#..P....
####.#
##.###.######.##.##......
#.#
#......#..........##.....
#.####..#####.#..l..)..#
##...
####.##.....####@#...<....#
#.
.....)..........ll........#
####.......##8..8##.......#
####.#..##.....#..........
#....###..###......###.#
###..#_....##......# #
#.####..###..#####
#.##.....8#.## ###..###.#


You could see 2 basilisks.

Vanquished Creatures
  Pikel (D:4)
  An elephant (D:8)
  A wyvern (D:7)
  A steam dragon (D:7)
  Pargi (D:4)
  A sky beast (D:7)
  A black bear (D:6)
  4 ogres
  A centaur (D:8)
  A lemure (D:4)
  A phantom (D:5)
  Blork the orc (D:5)
  2 kobold brigands
  A bullfrog (D:6)
  A scorpion (D:5)
  A gnoll sergeant (D:6)
  5 wights (D:7)
  An orc priest (D:5)
  2 hounds
  2 jellies
  A gnoll bouda (D:5)
  2 iguanas
  7 orc wizards
  8 gnolls
  9 adders
  A shadow imp (D:7)
  3 white imps
  2 ufetubi (D:5)
  2 worms
  A dart slug (D:4)
  20 orcs
  6 endoplasms
  3 giant cockroaches
  4 goblins
  10 hobgoblins
  6 jackals (D:3)
  10 kobolds
  A quokka (D:4)
  6 ball pythons
  4 bats
  4 frilled lizards
  5 rats
145 creatures vanquished.

Vanquished Creatures (others)
  An orc wizard (D:6)
  A kobold (D:7)
2 creatures vanquished.

Grand Total: 147 creatures vanquished

Notes
Turn   | Place    | Note
-------+----------+-------------------------------------------
     0 | D:1      | monsoonserge the Troll Fighter began the quest for the Orb.
     0 | D:1      | Reached XP level 1. HP: 22/22 MP: 0/0
   269 | D:1      | Reached XP level 2. HP: 28/29 MP: 1/1
   637 | D:2      | Found the +16 obsidian axe {drain, demonic, Mesm Drain Fly
                  | SInv}
  1102 | D:2      | Reached XP level 3. HP: 30/31 MP: 2/2
  1164 | D:2      | Reached skill level 3 in Unarmed Combat
  1432 | D:2      | Reached XP level 4. HP: 25/44 MP: 3/3
  1753 | D:3      | Reached skill level 4 in Unarmed Combat
  2317 | D:4      | Reached XP level 5. HP: 52/52 MP: 4/4
  2445 | D:4      | Noticed an ogre
  2452 | D:4      | Killed an ogre
  2453 | D:4      | Reached skill level 5 in Unarmed Combat
  2461 | D:4      | Reached XP level 6. HP: 34/61 MP: 5/5
  2585 | D:4      | Noticed Pikel
  2602 | D:4      | Killed Pikel
  2603 | D:4      | Reached skill level 7 in Unarmed Combat
  2603 | D:4      | Reached XP level 7. HP: 29/67 MP: 6/6
  2821 | D:4      | Noticed Pargi
  2829 | D:4      | Killed Pargi
  2941 | D:5      | Entered Level 5 of the Dungeon
  3041 | D:5      | Reached XP level 8. HP: 68/75 MP: 7/7
  3076 | D:5      | Noticed Blork the orc
  3090 | D:5      | Killed Blork the orc
  3091 | D:5      | Reached skill level 8 in Unarmed Combat
  3240 | D:5      | Reached skill level 5 in Shields
  3316 | D:5      | Identified the +7 quarterstaff "Osopnot" {freeze, Fly rN+
                  | Will+}
  3398 | D:5      | Identified the +0 ring mail of Qanauw {rElec rF+ rC-}
  3428 | D:5      | Found a hazy altar of Hepliaklqana.
  4102 | D:6      | Found the +7 Throatcutter {drain, coup de grace}
  4102 | D:6      | Noticed a kobold demonologist
  4115 | D:6      | Reached skill level 5 in Fighting
  4115 | D:6      | Reached XP level 9. HP: 64/88 MP: 8/8
  4254 | D:7      | Identified the +0 leather armour of Cofucaong {Dex+3}
  4271 | D:7      | Reached skill level 9 in Unarmed Combat
  4865 | D:7      | Found a staircase to the Ecumenical Temple.
  4875 | Temple   | Entered the Ecumenical Temple
  5038 | Temple   | Became a worshipper of the Wu Jian Council
  5265 | D:8      | Found a burning altar of Makhleb.
  5266 | D:8      | Found a sacrificial altar of Ru.
  5269 | D:8      | Found a basalt altar of Yredelemnul.
  5271 | D:8      | Found a sparkling altar of Nemelex Xobeh.
  5300 | D:8      | Noticed an elephant
  5301 | D:8      | Found a staircase to the Lair.
  5324 | D:8      | Killed an elephant
  5336 | D:8      | HP: 3/88 [basilisk (7)]
  5336 | D:8      | Slain by a basilisk

Illustrated notes

Levels and vault maps discovered:
D:1:      scummos_arrival_star, layout_loops_ring, dk_noncrumbling_4
D:2:      layout_basic, corexii_leaking_fountain, minmay_heptomino_h4
D:3:      layout_loops_ring
D:4:      layout_basic, uniq_pargi, uniq_pikel
D:5:      layout_basic, nicolae_hepliaklqana_hippocampus, nicolae_half_adder,
          uniq_blork_the_orc
D:6:      layout_rooms, mainiacjoe_overflow_paths, gammafunk_ghost_stat_death,
          dilly_guarded_unrand_throatcut
D:7:      layout_gridville, temple_green
D:8:      layout_loops_ring, general_overflow_altar,
          nicolae_overflow_crystal_walls, minitemple, david_lair_generic
Temple:   hellmonk_temple_forest_ring

Skill      XL: |  1  2  3  4  5  6  7  8  9 |
---------------+----------------------------+-----
Shields        | 3 4 5 6 |  6.4
Unarmed Combat | 3 4 5 7 8 9 |  9.9
Fighting       | 3 5 |  5.6
Dodging        | 3 |  3.9
Stealth        | |  0.6

Action                     |  1- 3 |  4- 6 |  7- 9 || total
---------------------------+-------+-------+-------++-------
  Melee: Unarmed           |    85 |   104 |   269 ||   458
         Broad axe         |     1 |       |       ||     1
Ability: Lunge             |       |       |     1 ||     1
    Use: Potion            |       |       |     1 ||     1
         Scroll            |       |       |     9 ||     9
 Armour: Robe              |    27 |    24 |    66 ||   117
  Dodge: Dodged            |    27 |    24 |    88 ||   139
  Block: Kite shield       |    20 |    29 |   183 ||   232
         Reflection        |       |       |     8 ||     8
